TOP OF THE 1ST |
Nantucket Orcas batting - Pitching for El Paso Texans : RHP Mike Marks
|
Pitching: RHP Mike Marks
|
|
Batting: RHB Charlie Pérez
|
0-0: Called Strike 0-1: Ball 1-1: Ball 2-1: Swinging Strike 2-2: Ball 3-2: Foul Ball, location: 2F 3-2: Foul Ball, location: 2F 3-2: Base on Balls
|
Batting: RHB Demetrio Inrouville
|
0-0: Ball Charlie Pérez steals 2nd base 1-0: Ground out 6-3 (Groundball, 6) Charlie Pérez to third
|
Batting: LHB Eugene Lee
|
0-0: Foul Ball, location: 2F 0-1: Foul Ball, location: 2F 0-2: Ball 1-2: Ball 2-2: Strikes out looking
|
Batting: RHB César Osequedo
|
0-0: Called Strike 0-1: Foul Ball, location: 2F 0-2: Ball 1-2: Ball 2-2: Strikes out swinging
|
Top of the 1st over - 0 run(s), 0 hit(s), 0 error(s), 1 left on base; Nantucket 0 - El Paso 0 |
BOTTOM OF THE 1ST |
El Paso Texans batting - Pitching for Nantucket Orcas : LHP Stanley Wise
|
Pitching: LHP Stanley Wise
|
|
Batting: LHB Mark Spencer
|
0-0: Ground out 6-3 (Groundball, 6)
|
Batting: RHB Cole Boehmer
|
0-0: Ball 1-0: Ball 2-0: Called Strike 2-1: SOLO HOME RUN (Flyball, 7D), Distance : 406 ft
|
Batting: RHB Marvin Johnson
|
0-0: Called Strike 0-1: Swinging Strike 0-2: Strikes out swinging
|
Batting: RHB José Murillo
|
0-0: Called Strike 0-1: Foul Ball, location: 2F 0-2: Ball 1-2: Ball 2-2: Strikes out swinging
|
Bottom of the 1st over - 1 run(s), 1 hit(s), 0 error(s), 0 left on base; Nantucket 0 - El Paso 1 |
TOP OF THE 2ND |
Nantucket Orcas batting - Pitching for El Paso Texans : RHP Mike Marks
|
Batting: LHB Alfonso Vélez
|
0-0: Foul Ball, location: 2F 0-1: Ball 1-1: Foul Ball, location: 2F 1-2: Strikes out swinging
|
Batting: RHB Roberto Canó
|
0-0: Called Strike 0-1: Swinging Strike 0-2: Foul Ball, location: 2F 0-2: Ball 1-2: Foul Ball, location: 2F 1-2: Ball 2-2: Foul Ball, location: 2F 2-2: Foul Ball, location: 2F 2-2: Ball 3-2: Strikes out looking
|
Batting: SHB José Castillo
|
0-0: Called Strike 0-1: Ball 1-1: Ball 2-1: Foul Ball, location: 2F 2-2: Foul Ball, location: 2F 2-2: SINGLE (Flyball, 8RS)
|
Batting: RHB Oliver Gonzéles
|
0-0: Called Strike 0-1: Swinging Strike 0-2: Ball José Castillo is caught stealing 2nd base
|
Top of the 2nd over - 0 run(s), 1 hit(s), 0 error(s), 0 left on base; Nantucket 0 - El Paso 1 |
BOTTOM OF THE 2ND |
El Paso Texans batting - Pitching for Nantucket Orcas : LHP Stanley Wise
|
Batting: LHB John Fitzgerald
|
0-0: Ball 1-0: Called Strike 1-1: Ground out 3-1 (Groundball, 34)
|
Batting: RHB Javier Álvarez
|
0-0: Foul Ball, location: 2F 0-1: Ball 1-1: Called Strike 1-2: Ball 2-2: Strikes out looking
|
Batting: RHB Andrew O'Dell
|
0-0: Called Strike 0-1: Called Strike 0-2: Strikes out swinging
|
Bottom of the 2nd over - 0 run(s), 0 hit(s), 0 error(s), 0 left on base; Nantucket 0 - El Paso 1 |
TOP OF THE 3RD |
Nantucket Orcas batting - Pitching for El Paso Texans : RHP Mike Marks
|
Batting: RHB Oliver Gonzéles
|
0-0: Foul Ball, location: 2F 0-1: Swinging Strike 0-2: Ball 1-2: Foul Ball, location: 2F 1-2: Strikes out swinging
|
Batting: SHB José Espinoza
|
0-0: Foul Ball, location: 2F 0-1: Hit by Pitch
|
Batting: RHB Charlie Pérez
|
0-0: Ball 1-0: Ball 2-0: Called Strike 2-1: Foul Ball, location: 2F 2-2: Strikes out looking
|
Batting: RHB Demetrio Inrouville
|
0-0: TRIPLE (Flyball, 9LM) José Espinoza scores
|
Batting: LHB Eugene Lee
|
0-0: Called Strike 0-1: Ground out 4-3 (Groundball, 4MD)
|
Top of the 3rd over - 1 run(s), 1 hit(s), 0 error(s), 1 left on base; Nantucket 1 - El Paso 1 |
BOTTOM OF THE 3RD |
El Paso Texans batting - Pitching for Nantucket Orcas : LHP Stanley Wise
|
Batting: LHB Cipriano Rangel
|
0-0: Foul Ball, location: 2F 0-1: Called Strike 0-2: Ball 1-2: Ball 2-2: Foul Ball, location: 2F 2-2: Ground out 1-3 (Groundball, 13S)
|
Batting: SHB Miguel Hurtado
|
0-0: Ball 1-0: Fly out, F7 (Flyball, 7)
|
Batting: LHB Mark Spencer
|
0-0: Called Strike 0-1: Ball 1-1: Ball 2-1: Ball 3-1: Base on Balls
|
Batting: RHB Cole Boehmer
|
0-0: Ball 1-0: Ball 2-0: SINGLE (Groundball, 56D) Mark Spencer to second
|
Batting: RHB Marvin Johnson
|
0-0: Ball 1-0: Called Strike 1-1: Foul Ball, location: 2F 1-2: Ball 2-2: Foul Ball, location: 2F 2-2: Fly out, F9 (Flyball, 89M)
|
Bottom of the 3rd over - 0 run(s), 1 hit(s), 0 error(s), 2 left on base; Nantucket 1 - El Paso 1 |
TOP OF THE 4TH |
Nantucket Orcas batting - Pitching for El Paso Texans : RHP Mike Marks
|
Batting: RHB César Osequedo
|
0-0: Ball 1-0: Swinging Strike 1-1: Hit by Pitch
|
Pinch Runner at 1st Pepe Franco:
|
|
Batting: LHB Alfonso Vélez
|
0-0: Ball 1-0: DOUBLE (Flyball, 78M) Pepe Franco to third
|
Batting: RHB Roberto Canó
|
0-0: Called Strike 0-1: Swinging Strike 0-2: Foul Ball, location: 2F 0-2: Strikes out swinging
|
Batting: SHB José Castillo
|
0-0: Ball 1-0: Called Strike 1-1: Ground out U3 (Groundball, 34) Pepe Franco scores Alfonso Vélez to third
|
Batting: RHB Oliver Gonzéles
|
0-0: Ball 1-0: Foul Ball, location: 2F 1-1: Called Strike 1-2: Ball 2-2: Strikes out looking
|
Top of the 4th over - 1 run(s), 1 hit(s), 0 error(s), 1 left on base; Nantucket 2 - El Paso 1 |
BOTTOM OF THE 4TH |
El Paso Texans batting - Pitching for Nantucket Orcas : LHP Stanley Wise
|
Now at SS: Pepe Franco
|
|
Batting: RHB José Murillo
|
0-0: Ball 1-0: Ball 2-0: Called Strike 2-1: Ball 3-1: Ground out 6-3 (Groundball, 6S)
|
Batting: LHB John Fitzgerald
|
0-0: Ball 1-0: Called Strike 1-1: Foul Ball, location: 2F 1-2: Strikes out looking
|
Batting: RHB Javier Álvarez
|
0-0: Called Strike 0-1: Ball 1-1: Ball 2-1: Ground out 5-3 (Groundball, 25)
|
Bottom of the 4th over - 0 run(s), 0 hit(s), 0 error(s), 0 left on base; Nantucket 2 - El Paso 1 |
TOP OF THE 5TH |
Nantucket Orcas batting - Pitching for El Paso Texans : RHP Mike Marks
|
Batting: SHB José Espinoza
|
0-0: Ball 1-0: SINGLE (Groundball, 56D)
|
Batting: RHB Charlie Pérez
|
0-0: Ball 1-0: Ball 2-0: Foul Ball, location: 2F 2-1: Swinging Strike 2-2: Foul Ball, location: 2F 2-2: Strikes out swinging
|
Batting: RHB Demetrio Inrouville
|
0-0: Swinging Strike 0-1: Ball 1-1: Ball 2-1: Grounds into double play, 4-6-3 (Groundball, 4)
|
Top of the 5th over - 0 run(s), 1 hit(s), 0 error(s), 0 left on base; Nantucket 2 - El Paso 1 |
BOTTOM OF THE 5TH |
El Paso Texans batting - Pitching for Nantucket Orcas : LHP Stanley Wise
|
Batting: RHB Andrew O'Dell
|
0-0: Ball 1-0: Swinging Strike 1-1: Ground out 1-3 (Groundball, 13S)
|
Batting: LHB Cipriano Rangel
|
0-0: Ball 1-0: Ball 2-0: Called Strike 2-1: Foul Ball, location: 2F 2-2: Ground out 4-3 (Groundball, 4)
|
Batting: SHB Miguel Hurtado
|
0-0: Foul Ball, location: 2F 0-1: Foul Ball, location: 2F 0-2: Fly out, F7 (Flyball, 7S)
|
Bottom of the 5th over - 0 run(s), 0 hit(s), 0 error(s), 0 left on base; Nantucket 2 - El Paso 1 |
TOP OF THE 6TH |
Nantucket Orcas batting - Pitching for El Paso Texans : RHP Mike Marks
|
Pitching: LHP Don MacKinlay
|
|
Batting: LHB Eugene Lee
|
0-0: Ball 1-0: Ground out U3 (Groundball, 3)
|
Batting: RHB Pepe Franco
|
0-0: Ball 1-0: Ball 2-0: Called Strike 2-1: Foul Ball, location: 2F 2-2: Fly out, F6 (Popup, 6D)
|
Batting: LHB Alfonso Vélez
|
0-0: Ball 1-0: Called Strike 1-1: Swinging Strike 1-2: Ball 2-2: Ball 3-2: Strikes out swinging
|
Top of the 6th over - 0 run(s), 0 hit(s), 0 error(s), 0 left on base; Nantucket 2 - El Paso 1 |
BOTTOM OF THE 6TH |
El Paso Texans batting - Pitching for Nantucket Orcas : LHP Stanley Wise
|
Batting: LHB Mark Spencer
|
0-0: Ball 1-0: Swinging Strike 1-1: Ball 2-1: Ball 3-1: Fly out, F3 (Popup, 3L)
|
Batting: RHB Cole Boehmer
|
0-0: Called Strike 0-1: Called Strike 0-2: Foul Ball, location: 2F 0-2: Foul Ball, location: 2F 0-2: Ball 1-2: Ball 2-2: Ground out U3 (Groundball, 34)
|
Batting: RHB Marvin Johnson
|
0-0: Ball 1-0: Ball 2-0: Ball 3-0: Base on Balls
|
Pitching: RHP Bo Wagner
|
|
Batting: RHB José Murillo
|
0-0: Ball 1-0: Ball 2-0: Called Strike 2-1: Swinging Strike 2-2: Fielders Choice at 2nd, 6-4 (Groundball, 6MD)
|
Bottom of the 6th over - 0 run(s), 0 hit(s), 0 error(s), 0 left on base; Nantucket 2 - El Paso 1 |
TOP OF THE 7TH |
Nantucket Orcas batting - Pitching for El Paso Texans : LHP Don MacKinlay
|
Batting: RHB Roberto Canó
|
0-0: Foul Ball, location: 2F 0-1: Swinging Strike 0-2: Ball 1-2: Ball 2-2: Strikes out swinging
|
Batting: SHB José Castillo
|
0-0: Ball 1-0: Ball 2-0: Fly out, F4 (Flyball, 34D)
|
Batting: RHB Oliver Gonzéles
|
0-0: Ball 1-0: SINGLE (Flyball, 4MD)
|
Pinch Hitting: RHB Juan Gómez
|
0-0: Called Strike 0-1: Ball 1-1: Ball 2-1: Foul Ball, location: 2F 2-2: Ball 3-2: Fly out, F4 (Line Drive, 4)
|
Top of the 7th over - 0 run(s), 1 hit(s), 0 error(s), 1 left on base; Nantucket 2 - El Paso 1 |
BOTTOM OF THE 7TH |
El Paso Texans batting - Pitching for Nantucket Orcas : RHP Bo Wagner
|
Pitching: LHP José Rodríguez
|
|
Now at 1B: Juan Gómez
|
|
Batting: LHB John Fitzgerald
|
0-0: Foul Ball, location: 2F 0-1: Foul Ball, location: 2F 0-2: Ball 1-2: Ball 2-2: Foul Ball, location: 2F 2-2: Foul Ball, location: 2F 2-2: Foul Ball, location: 2F 2-2: Strikes out swinging
|
Pitching: RHP Javier Soriano
|
|
Batting: RHB Javier Álvarez
|
0-0: Foul Ball, location: 2F 0-1: Ball 1-1: Swinging Strike 1-2: Ball 2-2: Strikes out swinging
|
Batting: RHB Andrew O'Dell
|
0-0: Called Strike 0-1: Swinging Strike 0-2: Strikes out swinging
|
Bottom of the 7th over - 0 run(s), 0 hit(s), 0 error(s), 0 left on base; Nantucket 2 - El Paso 1 |
TOP OF THE 8TH |
Nantucket Orcas batting - Pitching for El Paso Texans : LHP Don MacKinlay
|
Batting: RHB Charlie Pérez
|
0-0: Ball 1-0: Foul Ball, location: 2F 1-1: Ground out 4-3 (Groundball, 4)
|
Batting: RHB Demetrio Inrouville
|
0-0: Foul Ball, location: 2F 0-1: Foul Ball, location: 2F 0-2: Strikes out swinging
|
Batting: LHB Eugene Lee
|
0-0: Ball 1-0: Ball 2-0: Fly out, F8 (Flyball, 78M)
|
Top of the 8th over - 0 run(s), 0 hit(s), 0 error(s), 0 left on base; Nantucket 2 - El Paso 1 |
BOTTOM OF THE 8TH |
El Paso Texans batting - Pitching for Nantucket Orcas : RHP Javier Soriano
|
Now in CF: Noah Gillespie
|
|
Batting: LHB Cipriano Rangel
|
0-0: Ball 1-0: Called Strike 1-1: Ball 2-1: SINGLE (Groundball, 4MD)
|
Pinch Runner at 1st Oliver Riley:
|
|
Pinch Hitting: SHB Richie Gallegos
|
0-0: Foul Ball, location: 2F 0-1: Ball 1-1: DOUBLE (Line Drive, 9LD) Oliver Riley to third
|
Pinch Hitting: RHB John Wilson
|
0-0: Called Strike 0-1: Ball 1-1: Ball 2-1: Foul Ball, location: 2F 2-2: Foul Ball, location: 2F 2-2: Ball 3-2: Foul Ball, location: 2F 3-2: Base on Balls
|
Batting: RHB Cole Boehmer
|
0-0: Called Strike 0-1: Ball 1-1: Swinging Strike 1-2: Strikes out swinging
|
Batting: RHB Marvin Johnson
|
0-0: Called Strike 0-1: Ball 1-1: Fly out, F9 (Flyball, 9S)
|
Batting: RHB José Murillo
|
0-0: Ball 1-0: Ball 2-0: Ball 3-0: Base on Balls Oliver Riley scores Richie Gallegos to third John Wilson to second
|
Batting: LHB John Fitzgerald
|
0-0: Called Strike 0-1: Fly out, F8 (Flyball, 8RS)
|
Bottom of the 8th over - 1 run(s), 2 hit(s), 0 error(s), 3 left on base; Nantucket 2 - El Paso 2 |
TOP OF THE 9TH |
Nantucket Orcas batting - Pitching for El Paso Texans : LHP Don MacKinlay
|
Pitching: RHP Cliff Wolfe
|
|
Now at 3B: John Wilson
|
|
Now at SS: Domingo Morales
|
|
Now in CF: Jody Díaz
|
|
Pinch Hitting: LHB Howard White
|
0-0: Ball 1-0: Ball 2-0: Ball 3-0: Base on Balls
|
Pinch Runner at 1st Ramiro Javier:
|
|
Pinch Hitting: LHB Juan Lima
|
0-0: Called Strike 0-1: Ball 1-1: Ball 2-1: Fielders Choice at 2nd, 2-6 (Groundball, 2R)
|
Batting: RHB Roberto Canó
|
0-0: Ball 1-0: Swinging Strike 1-1: Ground out 5-3 (Groundball, 56S) Juan Lima to second
|
Batting: SHB José Castillo
|
0-0: Ball 1-0: Ball 2-0: Ball 3-0: Called Strike 3-1: Base on Balls
|
Pinch Hitting: RHB Cris Lugo
|
0-0: Foul Ball, location: 2F 0-1: Hit by Pitch Juan Lima to third José Castillo to second
|
Batting: RHB Juan Gómez
|
0-0: Called Strike 0-1: Called Strike 0-2: Ball 1-2: Ball 2-2: Strikes out swinging
|
Top of the 9th over - 0 run(s), 0 hit(s), 0 error(s), 3 left on base; Nantucket 2 - El Paso 2 |
BOTTOM OF THE 9TH |
El Paso Texans batting - Pitching for Nantucket Orcas : RHP Javier Soriano
|
Now at C: Mike Willis
|
|
Now at 2B: Juan Lima
|
|
Now at SS: Ramiro Javier
|
|
Batting: RHB Javier Álvarez
|
0-0: Swinging Strike 0-1: Fly out, F9 (Flyball, 9LM)
|
Batting: RHB Andrew O'Dell
|
0-0: Ball 1-0: Ball 2-0: Ball 3-0: Called Strike 3-1: Called Strike 3-2: Ground out 5-3 (Groundball, 56S)
|
Pinch Hitting: LHB Dave Tucker
|
0-0: Called Strike 0-1: Ball 1-1: Ball 2-1: Swinging Strike 2-2: Foul Ball, location: 2F 2-2: Strikes out looking
|
Bottom of the 9th over - 0 run(s), 0 hit(s), 0 error(s), 0 left on base; Nantucket 2 - El Paso 2 |
TOP OF THE 10TH |
Nantucket Orcas batting - Pitching for El Paso Texans : RHP Cliff Wolfe
|
Now at SS: Rick Hinton
|
|
Batting: RHB Charlie Pérez
|
0-0: Ball 1-0: Ball 2-0: SINGLE (Groundball, 6MD)
|
Batting: RHB Demetrio Inrouville
|
0-0: Ball 1-0: Bunted foul 1-1: Bunted foul 1-2: Fielders Choice at 2nd, 5-4 (Groundball, 6)
|
Batting: LHB Noah Gillespie
|
0-0: Swinging Strike 0-1: Ball 1-1: Swinging Strike 1-2: Ball 2-2: Foul Ball, location: 2F 2-2: Ball 3-2: Fly out, F3 (Popup, 3L)
|
Batting: RHB Ramiro Javier
|
0-0: Called Strike Demetrio Inrouville steals 2nd base 0-1: Called Strike 0-2: Ball 1-2: Strikes out swinging
|
Top of the 10th over - 0 run(s), 1 hit(s), 0 error(s), 1 left on base; Nantucket 2 - El Paso 2 |
BOTTOM OF THE 10TH |
El Paso Texans batting - Pitching for Nantucket Orcas : RHP Javier Soriano
|
Batting: RHB Jody Díaz
|
0-0: Ball 1-0: Fly out, F9 (Flyball, 9S)
|
Batting: RHB John Wilson
|
0-0: Swinging Strike 0-1: Foul Ball, location: 2F 0-2: Ball 1-2: Ball 2-2: Foul Ball, location: 2F 2-2: Ball 3-2: Foul Ball, location: 2F 3-2: Strikes out swinging
|
Batting: RHB Cole Boehmer
|
0-0: Ball 1-0: Called Strike 1-1: Foul Ball, location: 2F 1-2: Ball 2-2: Ball 3-2: Foul Ball, location: 2F 3-2: DOUBLE (Line Drive, 78D)
|
Pitching: RHP Mathew Wilcox
|
|
Batting: RHB Marvin Johnson
|
0-0: Ball 1-0: Ball 2-0: Ball 3-0: Base on Balls
|
Batting: RHB José Murillo
|
0-0: Ball 1-0: Fielders Choice at 2nd, 6-4 (Groundball, 6)
|
Bottom of the 10th over - 0 run(s), 1 hit(s), 0 error(s), 1 left on base; Nantucket 2 - El Paso 2 |
TOP OF THE 11TH |
Nantucket Orcas batting - Pitching for El Paso Texans : RHP Cliff Wolfe
|
Pitching: RHP Firmino Orsi
|
|
Batting: LHB Juan Lima
|
0-0: Called Strike 0-1: Ground out 3-1 (Groundball, 34)
|
Batting: RHB Roberto Canó
|
0-0: Foul Ball, location: 2F 0-1: DOUBLE (Line Drive, 7LS)
|
Batting: SHB José Castillo
|
0-0: Intentional Walk
|
Batting: RHB Mike Willis
|
0-0: Called Strike 0-1: Ball Roberto Canó steals 3rd base José Castillo to second 1-1: Ball 2-1: SINGLE (Line Drive, 4D) Roberto Canó scores José Castillo to third Runner from 3rd tries for Home, SAFE, no throw
|
Pitching: RHP Derek Baker
|
|
Batting: RHB Juan Gómez
|
0-0: Foul Ball, location: 2F 0-1: Foul Ball, location: 2F 0-2: Ball 1-2: Ball 2-2: Foul Ball, location: 2F 2-2: Foul Ball, location: 2F 2-2: Ball 3-2: Base on Balls Mike Willis to second
|
Batting: RHB Charlie Pérez
|
0-0: Called Strike 0-1: Ball 1-1: Ball 2-1: Grounds into double play, 5-4-3 (Groundball, 56)
|
Top of the 11th over - 2 run(s), 2 hit(s), 0 error(s), 1 left on base; Nantucket 4 - El Paso 2 |
BOTTOM OF THE 11TH |
El Paso Texans batting - Pitching for Nantucket Orcas : RHP Mathew Wilcox
|
Batting: LHB John Fitzgerald
|
0-0: Fly out, F8 (Flyball, 78D)
|
Batting: RHB Javier Álvarez
|
0-0: Ball 1-0: Ball 2-0: Ball 3-0: Called Strike 3-1: Called Strike 3-2: Strikes out swinging
|
Batting: RHB Andrew O'Dell
|
0-0: Ball 1-0: Foul Ball, location: 2F 1-1: Ball 2-1: Ball 3-1: Base on Balls
|
Pinch Hitting: RHB Ken Fingers
|
0-0: Ball 1-0: Swinging Strike 1-1: Ball 2-1: Foul Ball, location: 2F 2-2: Ball 3-2: Strikes out swinging
|
Bottom of the 11th over - 0 run(s), 0 hit(s), 0 error(s), 1 left on base; Nantucket 4 - El Paso 2 |
|